 Dungeon Crawl Stone Soup version 0.30.1-11-g7821555f0a (webtiles) character file.

Game seed: 5985612824643770822

43 Diggabert the Trooper (level 3, 20/20 HPs)
             Began as a Vine Stalker Fighter on Nov 9, 2023.
             Quit the game on level 2 of the Dungeon.
             The game lasted 00:03:07 (1227 turns).

Diggabert the Trooper (Vine Stalker Fighter)        Turns: 1227, Time: 00:03:08

Health: 20/20      AC: 12    Str: 20    XL:     3   Next: 58%
Magic:  4/4        EV:  5    Int:  8    God:
Gold:   36         SH:  4    Dex: 13    Spells: 2/2 levels left

rFire   . . .        a - +0 rapier
rCold   . . .        c - +0 buckler
rNeg    . . .        i - +0 plate armour
rPois   .            (no helmet)
rElec   .            (no cloak)
rCorr   .            k - +0 pair of gloves
SInv    .            (no boots)
Will    .....        (no amulet) Stlth
                     (no ring)
HPRegen 0.23/turn    (no ring)
MPRegen 0.09/turn

%: guardian spirit
@: no status effects
A: fangs 2, magic shield, antimagic bite, no potion heal 2
a: no special abilities


You were on level 2 of the Dungeon.
You visited 1 branch of the dungeon, and saw 2 of its levels.

You collected 36 gold pieces.

Inventory:

Hand Weapons
 a - a +0 rapier (weapon)
 m - a +0 trident
Armour
 c - a +0 buckler (worn)
 i - a +0 plate armour (worn)
 k - a +0 pair of gloves (worn)
Scrolls
 b - 2 scrolls of fear {unknown}
 g - a scroll of enchant armour {unknown}
 h - a scroll of blinking {unknown}
 j - a scroll of silence {unknown}
Potions
 d - a potion of might
 e - a potion of curing {unknown}
 f - a potion of invisibility {unknown}
 l - a potion of flight {unknown}


   Skills:
 * Level 3.1 Fighting
 - Level 2.2 Short Blades
 * Level 2.8 Armour
 * Level 0.6 Dodging
 * Level 2.9 Shields


You had 2 spell levels left.
You didn't know any spells.
Your spell library contained the following spells:

 Spells                   Type           Power      Damage    Failure   Level
 Summon Small Mammal      Summ           0%         N/A       100%        1
 Call Canine Familiar     Summ           0%         N/A       100%        3
 Inner Flame              Hex/Fire       0%         N/A       100%        3
 Summon Guardian Golem    Hex/Summ       0%         N/A       100%        3
 Flame Wave               Conj/Fire      0%         2d4       100%        4
 Sticky Flame             Conj/Fire      0%         2d3       100%        4


Dungeon Overview and Level Annotations

Branches:
Dungeon (2/15)

Altars:

Shops:
D:1 (


Innate Abilities, Weirdness & Mutations

You have extremely sharp teeth.
When hurt, damage is shared between your health and your magic reserves.
Your bite disrupts and absorbs the magic of your enemies.
Potions cannot restore your health.


Message History

You hit the quokka.
You kill the quokka!
The kobold hits you with a +0 short sword.
You hit the kobold.
The kobold is moderately wounded.
The kobold hits you but does no damage.
You hit the kobold.
The kobold is heavily wounded.
The kobold hits you but does no damage.
You hit the kobold.
The kobold is severely wounded.
The kobold hits you but does no damage. You block the kobold's attack.
You hit the kobold.
You kill the kobold!
No target in view!
No target in view!
You start resting.
HP restored.
You climb downwards.
The endoplasm completely misses you. The endoplasm freezes you.
You are frozen.
There is a stone staircase leading up, spattered with blood here.
You hit the endoplasm but do no damage.
You bite the endoplasm, but do no damage.
The endoplasm barely misses you.
You hit the endoplasm. You bite the endoplasm.
You kill the endoplasm!
No target in view!
No target in view!
No target in view!
HP restored.
Magic restored.
You open the door.
There is an open door here.
Found a triple sword.
Found a great sword.
You see here a +0 triple sword.
Okay, then.
Unknown command.
Are you sure you want to abandon this character and quit the game? (Confirm with "yes".)

.. ### .# ###.## .#
....### ####)#
####.....# #....#
.........#####....+
.........#........#####
.........#......@.....#
.........#.....###....#
....#'#.........# ...#
....#.#.........# #...
....#.#...../...# ..
....#.#.........# .
....#.#.........#
#####.#...........
#.########+####


There were no monsters in sight!

Vanquished Creatures
  An adder (D:1)
  3 endoplasms
  3 giant cockroaches (D:1)
  2 hobgoblins (D:1)
  5 jackals (D:1)
  3 kobolds (D:1)
  A quokka (D:1)
  6 ball pythons (D:1)
  2 bats (D:1)
  A frilled lizard (D:1)
  3 goblins
  A rat (D:1)
31 creatures vanquished.

Notes
Turn   | Place    | Note
-------+----------+-------------------------------------------
     0 | D:1      | Diggabert the Vine Stalker Fighter began the quest for the
                  | Orb.
     0 | D:1      | Reached XP level 1. HP: 11/11 MP: 2/2
   128 | D:1      | Reached XP level 2. HP: 16/16 MP: 3/3
   172 | D:1      | Reached skill level 3 in Fighting
   371 | D:1      | Reached XP level 3. HP: 20/20 MP: 4/4
  1113 | D:1      | Found Furghips's Weapon Boutique.
  1227 | D:2      | Quit the game

Illustrated notes

Levels and vault maps discovered:
D:1:      matt_arrival_diagonals, layout_basic, serial_shops,
          nicolae_shop_real_fake_doors
D:2:      layout_basic, minmay_misc_feat_alley

Skill      XL: |  1  2 |
---------------+-------+-----
Fighting       | 3 |  3.1
Short Blades   | 2 |  2.2
Armour         | |  2.8
Dodging        | |  0.6
Shields        | |  2.9

Action                     || total
---------------------------++-------
  Melee: Rapier            ||    85
         Bite              ||    18
 Armour: Scale mail        ||    20
         Plate armour      ||    30
  Dodge: Dodged            ||    35
  Block: Buckler           ||    25
